 Dungeon Crawl Stone Soup version 0.14-a0-2443-g5aee772 (webtiles) character file.

18361 4tharraofdagon the Bludgeoner (level 12, -12/113 HPs)
             Began as a Lava Orc Wanderer on Feb 6, 2014.
             Was a Believer of Ashenzari.
             Mangled by an ancient bear (13 damage)
             ... on Level 1 of the Lair of Beasts.
             The game lasted 00:37:56 (8422 turns).

4tharraofdagon the Bludgeoner (Lava Orc Wanderer)   Turns: 8422, Time: 00:37:56

HP -12/113       AC 19     Str 19      XL: 12   Next: 23%
MP  22/22        EV  9     Int 14      God: Ashenzari [**....]
Gold 391         SH  6     Dex 11      Spells:  0 memorised, 11 levels left

rFire  + + +     SeeInvis .     E - +1,+2 dwarf flail (protect)
rCold  x . .     Clarity  .     C - +2 troll leather armour (curse)
rNeg   . . .     Conserve .     d - -1 orc buckler
rPois  .         rCorr    .     (no helmet)
rElec  .         rRot     .     W - +0 orc cloak
SustAb . .       Spirit   .     P - +0 pair of gloves
rMut   .         Warding  .     i - +0 pair of boots
Saprov + . .     Stasis   .     v - cursed amulet of faith
MR     .....                    J - +3 ring of protection
                                o - ring of protection from fire

@: hasted, very quick, not resistant to hostile enchantments, unstealthy
A: hooves 1, clever 1, conserve scrolls, fast metabolism 1, saprovore 1
a: Renounce Religion


You were on level 1 of the Lair of Beasts.
You worshipped Ashenzari.
Ashenzari was pleased with you.
You were not hungry.

You visited 3 branches of the dungeon, and saw 15 of its levels.

You collected 613 gold pieces.
You spent 222 gold pieces at shops.

Inventory:

Hand weapons
 b - a +3 orcish blowgun
 k - the +6,+11 falchion of the Bear {elec, rElec rPois SInv}
   (You found it on level 6 of the Dungeon)

   Occasionally, upon striking a foe, it will discharge some electrical energy
   and cause terrible harm.
   It insulates you from electricity.
   It protects you from poison.
   It enhances your eyesight.
 E - a +1,+2 dwarven flail of protection (weapon)
Missiles
 a - 2 curare-tipped needles
 l - 13 javelins (quivered)
 Y - a throwing net
Armour
 d - a -1 orcish buckler (worn)
 i - a +0 pair of boots (worn)
 s - a +0 cloak
 C - a cursed +2 troll leather armour (worn)
 P - a +0 pair of gloves (worn)
 W - a +0 orcish cloak (worn)
Magical devices
 D - a wand of polymorph (5)
Comestibles
 f - 5 meat rations
 w - 5 bread rations
 F - 5 royal jellies
 K - 7 pears
Scrolls
 c - 3 scrolls of enchant weapon II
 e - a scroll of vulnerability {unknown}
 g - 2 scrolls of identify
 j - 3 scrolls of teleportation
 m - 3 scrolls of remove curse
 n - 6 scrolls of fog
 t - 3 scrolls of blinking
 u - a scroll of noise
 x - 2 scrolls of fear
 B - a scroll of recharging {unknown}
 G - 3 scrolls of enchant weapon I
 N - 2 scrolls of curse jewellery
 S - 4 scrolls of amnesia
 U - a scroll of magic mapping
 V - a scroll of acquirement {unknown}
Jewellery
 o - a ring of protection from fire (left hand)
 r - an uncursed amulet of guardian spirit
 v - a cursed amulet of faith (around neck)
 A - an uncursed ring of fire
 J - a +3 ring of protection (right hand)
 O - an uncursed ring of ice
 Q - an uncursed ring of see invisible
 R - an uncursed ring of teleport control
 X - an uncursed amulet of rage
Potions
 h - a potion of confusion {unknown}
 p - 5 potions of restore abilities
 q - 7 potions of curing
 z - a potion of blood
 H - a potion of paralysis {unknown}
 I - a potion of lignification
 L - a potion of flight
 M - a potion of brilliance
 T - a potion of resistance {unknown}
Books
 y - a book of Beasts

   Spells                             Type                      Level
   Summon Butterflies                 Summoning                    1
   Sticks to Snakes                   Transmutation                2
   Call Canine Familiar               Summoning                    3
   Ice Form                           Ice/Transmutation            4
   Summon Ice Beast                   Ice/Summoning                4
   Summon Hydra                       Summoning                    7


   Skills:
 + Level 12.6 Fighting
 - Level 1.4 Long Blades
 * Level 15.8 Maces & Flails
 - Level 1.0 Throwing
 - Level 6.2 Armour
 - Level 1.1 Shields
   Level 1.7 Charms
   Level 1.0 Necromancy
 + Level 6.4 Evocations


You had 11 spell levels left.
You didn't know any spells.

Dungeon Overview and Level Annotations

Branches:
Dungeon (13/16)            Temple (1/1) D:5            Lair (1/8) D:11
    Orc: D:9-12

Altars:
Ashenzari
Cheibriados
Dithmengos
Elyvilon
Fedhas
Kikubaaqudgha
Makhleb
Nemelex Xobeh
Okawaru
Sif Muna
Trog
Vehumet
Xom
Yredelemnul
Zin
The Shining One

Shops:
D:6 ?   D:12 [

Annotations:
D:9 3 exclusions


Innate Abilities, Weirdness & Mutations

You have stony skin.
Your flesh is almost immune to the effects of heat.
Your fire spells are more powerful.
Your flesh is vulnerable to cold.
Your heat harms attackers.
You bathe your surroundings in blazing heat.
You are too hot to use scrolls.
You are very good at protecting items from fire.
You can tolerate rotten meat.
You have large cloven feet.
Your mind is acute. (Int +2)
You have a fast metabolism.


Message History

The ancient bear is burned by your radiant heat.
The ancient bear is moderately wounded.
The ancient bear bites you!
* * * LOW HITPOINT WARNING * * *
The ancient bear resists.
The ancient bear is singed by your heat.
The ancient bear is moderately wounded.
The ancient bear claws you but does no damage.
The ancient bear appears unharmed.
The ancient bear claws you but does no damage.
The ancient bear resists.
The ancient bear is singed by your heat.
The ancient bear is moderately wounded.
Read which item? (? for menu, Esc to quit)
Okay, then.
Drink which item? (? for menu, Esc to quit)
You feel yourself speed up. The ancient bear bites you!
* * * LOW HITPOINT WARNING * * *
The ancient bear appears unharmed.
The ancient bear claws you!
You die...

#.........#.############f
##..###..#.##.%%%..%%...
* , #%##/##%####.##### *
, #.##.#..###### * ,
#.#.......#* ,*
#..........# * *
#F#.......##* #### , , ,
* #U#.......... .... *
#@#.......##.*#### ,
#..........##** ,
*##.##.#..##.####### * *
#.#$..............
##................# * ,
#..#.............#. ,
..#..#............... ,
...................... *
#.###....##.........#.


You could see an ancient bear and a spiny frog.

Vanquished Creatures
  A hydra (D:12)
  Erica (D:9)
  A hill giant (D:10)
  2 cyclopes
  2 spiny frogs (Lair:1)
  2 centaur skeletons
  3 trolls
  7 slime creatures (D:12)
  Prince Ribbit (D:5)
  A two-headed ogre (D:9)
  2 hungry ghosts
  7 ugly things (D:12)
  The ghost of 4tharraofdagon the Skirmisher, an average LOWn (D:6)
  22 yaks
  A steam dragon (D:10)
  3 wyverns
  3 sharks (D:9)
  2 hippogriffs
  6 wolves (Lair:1)
  2 ice beasts (D:11)
  A porcupine (Lair:1)
  2 phantoms
  4 sky beasts
  3 ogres (D:8)
  A crocodile (Lair:1)
  3 orc warriors
  2 centaurs
  Sigmund (D:2)
  8 giant frogs
  An agate snail (Lair:1)
  A cyclops zombie (D:8)
  5 killer bees (D:10)
  2 vampire bats (D:11)
  8 wights
  5 goliath beetles
  2 centaur zombies
  6 crimson imps
  8 jellies
  4 orc priests
  A giant frog skeleton (D:6)
  10 hounds
  3 iguanas
  2 scorpions
  7 orc wizards
  Natasha (D:3)
  10 worker ants
  A sky beast zombie (D:8)
  Ijyb (D:2)
  Terence (D:3)
  A hound skeleton (D:6)
  A mummy (D:6)
  3 gnolls (D:6)
  11 adders
  2 worker ant zombies
  2 giant centipedes (D:12)
  11 green rats (Lair:1)
  2 worms
  An adder skeleton (D:8)
  An orc skeleton (D:6)
  A scorpion zombie (D:6)
  A giant eyeball (D:8)
  5 giant geckos
  5 oozes (D:8)
  40 orcs
  20 bats
  2 bat skeletons
  2 giant cockroaches (D:3)
  14 hobgoblins
  12 jackals
  13 kobolds
  11 quokkas
  A giant newt skeleton (D:5)
  7 goblins
  A kobold skeleton (D:3)
  10 rats
  A rat skeleton (D:6)
  4 ballistomycetes
359 creatures vanquished.

Vanquished Creatures (others)
  A crimson imp (D:10)
  2 giant spores
  A plant (D:11)
4 creatures vanquished.

Grand Total: 363 creatures vanquished

Notes
Turn   | Place    | Note
--------------------------------------------------------------
     0 | D:1      | 4tharraofdagon, the Lava Orc Wanderer, began the quest for the Orb.
     0 | D:1      | Reached XP level 1. HP: 16/16 MP: 2/2
   215 | D:1      | Reached XP level 2. HP: 20/23 MP: 3/3
   338 | D:2      | Noticed Ijyb
   357 | D:2      | Killed Ijyb
   357 | D:2      | Reached skill level 4 in Armour
   357 | D:2      | Reached XP level 3. HP: 20/28 MP: 4/4
   512 | D:2      | Noticed Sigmund
   535 | D:2      | Killed Sigmund
   535 | D:2      | Reached XP level 4. HP: 25/37 MP: 5/5
   666 | D:2      | Found an ancient bone altar of Kikubaaqudgha.
   835 | D:3      | Noticed Terence
   861 | D:3      | Killed Terence
   861 | D:3      | Reached XP level 5. HP: 14/42 MP: 6/6
   881 | D:3      | Gained mutation: You have a fast metabolism. [potion of mutation]
   881 | D:3      | Gained mutation: Your mind is acute. (Int +2) [potion of mutation]
   881 | D:3      | Gained mutation: You have large cloven feet. [potion of mutation]
  1360 | D:3      | Noticed Natasha
  1371 | D:3      | Killed Natasha
  1637 | D:4      | Noticed a phantom
  1664 | D:4      | Killed a phantom
  1664 | D:4      | Reached skill level 5 in Armour
  1664 | D:4      | Reached XP level 6. HP: 33/52 MP: 7/7
  1777 | D:4      | Reached skill level 5 in Maces & Flails
  1863 | D:5      | Entered Level 5 of the Dungeon
  1961 | D:5      | Found a staircase to the Ecumenical Temple.
  1976 | Temple   | Entered the Ecumenical Temple
  2012 | Temple   | Became a worshipper of Ashenzari the Shackled
  2051 | D:5      | Reached skill level 1 in Evocations
  2082 | D:5      | Noticed Prince Ribbit
  2089 | D:5      | Killed Prince Ribbit
  2089 | D:5      | Reached XP level 7. HP: 39/60 MP: 8/10
  2177 | D:5      | Reached skill level 6 in Maces & Flails
  2277 | D:6      | Found Bref's Magic Scroll Shoppe.
  2285 | D:6      | Noticed 4tharraofdagon's ghost (average LOWn)
  2322 | D:6      | Killed 4tharraofdagon's ghost
  2323 | D:6      | Reached skill level 5 in Fighting
  2403 | D:6      | Reached XP level 8. HP: 27/68 MP: 12/12
  2507 | D:6      | Bought a scroll of enchant weapon II for 66 gold pieces
  2507 | D:6      | Bought a scroll of enchant weapon I for 66 gold pieces
  2507 | D:6      | Bought a scroll of blinking for 66 gold pieces
  2507 | D:6      | Bought a scroll of fog for 24 gold pieces
  2532 | D:6      | Reached skill level 7 in Maces & Flails
  2716 | D:6      | Got the falchion of the Bear {elec, rElec rPois SInv}
  2717 | D:6      | Identified the +6,+11 falchion of the Bear {elec, rElec rPois SInv} (You found it on level 6 of the Dungeon)
  2796 | D:6      | Reached skill level 1 in Long Blades
  2961 | D:7      | Reached skill level 8 in Maces & Flails
  3526 | D:8      | Reached XP level 9. HP: 62/79 MP: 15/15
  3552 | D:8      | Reached skill level 9 in Maces & Flails
  3777 | D:8      | Paralysed by a giant eyeball for 2 turns
  3794 | D:8      | Reached skill level 10 in Maces & Flails
  3921 | D:8      | Found a blossoming altar of Fedhas.
  4396 | D:9      | Reached skill level 11 in Maces & Flails
  4759 | D:9      | Reached XP level 10. HP: 80/91 MP: 17/17
  4929 | D:9      | Reached skill level 12 in Maces & Flails
  4973 | D:10     | Entered Level 10 of the Dungeon
  5033 | D:10     | Noticed a hill giant
  5124 | D:10     | Killed a hill giant
  5124 | D:10     | Reached skill level 10 in Fighting
  5227 | D:10     | Noticed Erica
  5265 | D:9      | Killed Erica
  5265 | D:9      | Reached skill level 13 in Maces & Flails
  5615 | D:10     | Acquired Ashenzari's first power
  6140 | D:11     | Reached XP level 11. HP: 71/101 MP: 18/18
  6430 | D:11     | Reached skill level 14 in Maces & Flails
  6555 | D:12     | Noticed a five-headed hydra
  6557 | D:12     | Noticed a seven-headed hydra
  6617 | D:11     | HP: 3/102 [seven-headed hydra (8)]
  7053 | D:12     | Found Pleniw's Armour Emporium.
  7453 | D:12     | Reached skill level 15 in Maces & Flails
  7554 | D:12     | Killed a five-headed hydra
  7770 | D:12     | Reached skill level 5 in Evocations
  8053 | D:11     | Found a staircase to the Lair.
  8075 | D:11     | Reached XP level 12. HP: 101/112 MP: 21/21
  8084 | Lair:1   | Entered Level 1 of the Lair of Beasts
  8402 | Lair:1   | Noticed a five-headed hydra
  8416 | Lair:1   | Noticed an ancient bear
  8416 | Lair:1   | a five-headed hydra changed into an ancient bear
  8422 | Lair:1   | HP: 1/113 [ancient bear (23)]
  8422 | Lair:1   | Mangled by an ancient bear

Action                   |  1- 3 |  4- 6 |  7- 9 | 10-12 || total
-------------------------+-------+-------+-------+-------++-------
Melee: Mace              |    63 |    96 |       |       ||   159
       Flail             |       |    63 |   338 |   653 ||  1054
       Falchion          |       |       |    37 |    36 ||    73
 Fire: Blowgun           |     3 |     2 |       |       ||     5
Throw: Javelin           |       |       |     3 |       ||     3
Evoke: Wand              |       |     3 |     3 |     9 ||    15
  Use: Scroll            |       |     7 |     3 |     9 ||    19
       Potion            |       |     2 |     3 |     8 ||    13
